[Event "Early-Titled-Tuesday-Blitz-January-16-2024"]
[Site "Chess.com"]
[Date "2024.01.16"]
[Round "2"]
[White "Gennady_Kozlov"]
[Black "vugarrasulov"]
[Result "0-1"]
[WhiteElo "2620"]
[BlackElo "2966"]
[TimeControl "180+1"]
[EndTime "8:19:42 PST"]
[Termination "vugarrasulov won by resignation"]

1. b3 e5 2. Bb2 Nc6 3. e3 g6 4. Bb5 Bg7 5. f4 d6 6. Nf3 Ne7 7. fxe5 O-O 8. O-O dxe5 9. Nc3 h6 10.
Rb1 f5 11. d3 Kh7 12. Qe1 Nb4 13. Qd2 a6 14. a3 Nxc2 15. Qxc2 axb5 16. Nxb5 c6 17.
Nc3 Be6 18. e4 b5 19. b4 f4 20. Ne2 Qd6 21. d4 exd4 22. Bxd4 Bxd4+ 23. Nexd4 Bc4 24. Rfd1 Qc7 25. Qc3 Rfd8 26. h4 Rd7 27. h5 Rad8 28. hxg6+ Nxg6 29. Kh2 Rd6 30. Re1 Qg7 31. e5 R6d7 32.
Nf5 Qf7 33. Nd6 Qe6 34. Nd4 Qg4 35. Nxc6 Rg8 36. Qh3 Qxh3+ 37. Kxh3 Be6+ 38. Kh2 Nh4 39. Rb2 Rxg2+ 40. Rxg2 Nf3+ 41. Kh1 Nxe1 42. Rd2 Nf3 43. Rd3 Ng5 44. Rc3 Bd5+ 45. Kg1 Rc7 46. e6 Nxe6 47.
Ne8 Rxc6 48. Nf6+ Kg6 49. Nxd5 Rxc3 50. Nxc3 Nd4 51. Kf2 Kf5 52. a4 bxa4 53. Nxa4 h5 54. Nc5 h4 55. Nd3 h3 56. Kg1 Kg4 57. Nf2+ Kg3 58.
Ne4+ Kf3 59. Ng5+ Kg4 60. Ne4 Nf3+ 61. Kh1 Nd4 62. Kg1 Ne2+ 63. Kh2 Ng3 64. Nf6+ Kh4 65.
Nd5 f3 66. Ne3 f2 67. b5 f1=Q 68. Nxf1 Nxf1+ 69. Kg1 Kg3 70. b6 h2+ 71. Kxf1 h1=Q+ 72. Ke2 Qb7 0-1

[Event "Early-Titled-Tuesday-Blitz-January-16-2024"]
[Site "Chess.com"]
[Date "2024.01.16"]
[Round "2"]
[White "NastyaHn"]
[Black "SharapovEvgeny"]
[Result "0-1"]
[WhiteElo "2296"]
[BlackElo "2538"]
[TimeControl "180+1"]
[EndTime "8:19:45 PST"]
[Termination "SharapovEvgeny won by resignation"]

1. e4 c5 2. Nf3 d6 3. d4 cxd4 4. Nxd4 Nf6 5. Nc3 Nc6 6. Bg5 e6 7. Qd2 Be7 8. O-O-O O-O 9. f3 Nxd4 10. Qxd4 Qa5 11. Bd2 Qc5 12. Qxc5 dxc5 13. Be3 a6 14. a4 b6 15. g4 Rd8 16. Be2 Bb7 17. g5 Nd7 18. h4 Ne5 19. Bf4 Nc6 20. Bc7 Rxd1+ 21. Rxd1 Bd8 22. Rd7 Bxc7 23. Rxc7 Rb8 24. Bxa6 Bxa6 25.
Rxc6 Bf1 26. a5 bxa5 27. Rxc5 Ra8 28. Kd2 h6 29. Ke3 hxg5 30. hxg5 Kh7 31. f4 Kg6 32. Na4 f6 33. b3 e5 34. fxe5 fxg5 35. Nb6 Ra6 36.
Nd5 Bh3 37. Rc6+ Rxc6 38. Ne7+ Kh5 39. Nxc6 Kh4 40. Kf2 g4 41. Nd4 g3+ 42. Kg1 Kg5 43. e6 Kf6 44. Ne2 Bxe6 45. Nxg3 Ke5 46. Kf2 Kd4 47.
Ke2 Kc3 48. Kd1 g5 49. Ne2+ Kb2 50. Kd2 g4 51. e5 Bf5 52. c4 Bc8 53. Nd4 g3 54.
Ke3 g2 55. Kf2 Kc3 56. e6 Kxd4 57. e7 Bd7 58. Kxg2 Kc3 59. c5 Kxb3 60. Kf3 a4 61.
Ke4 a3 62. Kd5 a2 63. Kd6 Be8 64. c6 a1=Q 65. c7 Qd4+ 0-1

[Event "Early-Titled-Tuesday-Blitz-January-16-2024"]
[Site "Chess.com"]
[Date "2024.01.16"]
[Round "2"]
[White "KarstenHansch"]
[Black "vi_pranav"]
[Result "1-0"]
[WhiteElo "2665"]
[BlackElo "3036"]
[TimeControl "180+1"]
[EndTime "8:19:50 PST"]
[Termination "KarstenHansch won by resignation"]

1. e4 e5 2. Nf3 Nc6 3. Bc4 Nf6 4. d3 h6 5. O-O d6 6. Re1 g6 7. a3 Bg7 8. Nc3 O-O 9. h3 Be6 10. Be3 Kh7 11. Ba2 Bxa2 12. Rxa2 d5 13. exd5 Nxd5 14. Nxd5 Qxd5 15. Ra1 Rad8 16. Qe2 f5 17. Rad1 g5 18. c4 Qd6 19. Bc1 Qg6 20. b4 Rde8 21. Bb2 e4 22.
dxe4 Rxe4 23. Qc2 Rxe1+ 24. Rxe1 Bxb2 25. Qxb2 g4 26. Ne5 Nxe5 27. Qxe5 gxh3 28. Qxc7+ Rf7 29. Qg3 Qc6 30. Qxh3 Qxc4 31. Qf3 a6 32. Re5 Qc1+ 33. Kh2 Qg5 34. Qg3 Qf6 35. Qf4 Qd6 36. g3 Qg6 37.
Kg2 Qc6+ 38. Kh2 Qf6 39. Kg2 Kg6 40. Rc5 Rd7 41. Rc8 Qe6 42. Qf3 Rf7 43. Rc5 Kh7 44.
Qf4 Qg6 45. Re5 Qf6 46. Rc5 b6 47. Re5 Qc6+ 48. Qf3 Qf6 49. Qf4 Qg6 50. Rd5 Qe6 51.
Rd6 Qe4+ 52. Qxe4 fxe4 53. Rxb6 Ra7 54. Re6 a5 55. Rxe4 axb4 56. axb4 Ra2 57. Rf4 Rb2 58. Kf3 Kg6 59. Ke3 Kg5 60. Kd3 h5 61. Kc3 Rb1 62. Kc4 Rc1+ 63. Kb5 Rc8 64. Rc4 Rf8 65. Rc2 Rf6 66.
Ka5 Kg4 67. b5 Rf5 68. Rb2 Kf3 69. Ka6 1-0

[Event "Early-Titled-Tuesday-Blitz-January-16-2024"]
[Site "Chess.com"]
[Date "2024.01.16"]
[Round "2"]
[White "Nechitaylo_Nikita"]
[Black "Triumphmate"]
[Result "1-0"]
[WhiteElo "2304"]
[BlackElo "2518"]
[TimeControl "180+1"]
[EndTime "8:19:50 PST"]
[Termination "Nechitaylo_Nikita won by checkmate"]

1. d4 d5 2. c4 e6 3. Nc3 c6 4. Nf3 f5 5. Ne5 Nf6 6. Bg5 Bd6 7.
f4 O-O 8. e3 Qe8 9. Be2 Ne4 10.
Nxe4 fxe4 11. O-O Nd7 12. cxd5 exd5 13. Bh5 g6 14. Bg4 Nxe5 15. fxe5 Rxf1+ 16. Kxf1 Bxg4 17. Qxg4 Bb4 18. Kg1 Qc8 19. e6 Qc7 20. Rf1 Rf8 21. Rxf8+ Bxf8 22. e7 Bxe7 23. Qe6+ Kf8 24. Bh6+ Ke8 25. Qg8+ Kd7 26. Qxh7 Qa5 27. h3 Qd2 28.
Bg5 Qb4 29. h4 Kd8 30. Qxg6 Bxg5 31. Qxg5+ Kc7 32. h5 Kb6 33. h6 Qe1+ 34. Kh2 Qf2 35. h7 Qf8 36. Qg8 Qh6+ 37. Kg1 Qxe3+ 38. Kh2 Qh6+ 39.
Kg1 Qe3+ 40. Kf1 Qc1+ 41. Kf2 Qd2+ 42. Kg3 Qe3+ 43. Kg4 Qe2+ 44. Kf5 Qf2+ 45. Ke6 Qxd4 46. h8=Q Qd2 47. Qd8+ Ka6 48. Qh3 e3 49. Qdh4 d4 50. Qe4 Qxb2 51. Qhf3 Qxa2+ 52. Kf6 Qc4 53. Qg3 e2 54.
Qe1 b5 55. Q4xe2 Qc3 56. Qxc3 dxc3 57. Qa2+ Kb6 58. Qb3 a5 59. Qxc3 a4 60. Qd4+ Ka5 61. Qa7+ Kb4 62. g4 c5 63. g5 c4 64. g6 Kb3 65. g7 b4 66. g8=Q a3 67. Qc5 Kb2 68.
Qcxc4 b3 69. Qxb3+ Kc1 70. Qg2 a2 71. Qbc2# 1-0

[Event "Early-Titled-Tuesday-Blitz-January-16-2024"]
[Site "Chess.com"]
[Date "2024.01.16"]
[Round "2"]
[White "SantoBlue"]
[Black "Tiqr777"]
[Result "1-0"]
[WhiteElo "2936"]
[BlackElo "2609"]
[TimeControl "180+1"]
[EndTime "8:19:51 PST"]
[Termination "SantoBlue won by resignation"]

1. e4 c5 2. Nc3 e6 3. Nf3 a6 4.
d4 cxd4 5. Nxd4 Qc7 6. g3 Nf6 7. Bg2 Nc6 8. O-O Be7 9. Nb3 O-O 10. a4 d6 11. a5 Ne5 12. Kh1 Nc4 13. f4 Rb8 14. g4 b5 15. axb6 Rxb6 16. g5 Nd7 17. f5 Re8 18. Ra4 Nde5 19. f6 Bf8 20. fxg7 Bxg7 21.
Ne2 Bd7 22. Ra2 Bc6 23. Ng3 Qb7 24. Nd4 Nxb2 25. Bxb2 Rxb2 26. Rxb2 Qxb2 27. Nxc6 Nxc6 28. Qxd6 Qxc2 29. Nh5 Qc3 30. Qc7 Ne7 31. Qf4 Rf8 32.
Nf6+ Kh8 33. Qh4 Bxf6 34. gxf6 Ng6 35. Qh6 Rg8 36. h3 a5 37. Qg5 a4 38. Rc1 Qb2 39. Rc7 Qa1+ 40. Kh2 Qe5+ 41. Qxe5 Nxe5 42. Ra7 Rg6 43.
Ra8+ Rg8 44. Rxa4 Nd7 45. Ra7 Nxf6 46. Rxf7 Rg6 47. e5 Nh5 48. Be4 Rh6 49. h4 Kg8 50. Rf1 Ng7 51. Kh3 Rh5 52. Re1 Kf8 53. Bd3 Ke7 54.
Kg4 Rh6 55. Ra1 Nf5 56. Ra7+ Kd8 57. Bxf5 exf5+ 58. Kg5 Rg6+ 59. Kxf5 Rh6 60. Kg5 Rg6+ 61. Kf5 Rh6 62. Ra4 Ke7 63. Kg5 Rg6+ 64. Kf5 Rh6 65. Re4 Rh5+ 66. Kg4 Rh6 67. h5 Ke6 68. Kg5 1-0

[Event "Early-Titled-Tuesday-Blitz-January-16-2024"]
[Site "Chess.com"]
[Date "2024.01.16"]
[Round "2"]
[White "GMSrinath"]
[Black "emeli_chess"]
[Result "1-0"]
[WhiteElo "2824"]
[BlackElo "2460"]
[TimeControl "180+1"]
[EndTime "8:19:51 PST"]
[Termination "GMSrinath won on time"]

1. Nf3 d5 2. e3 c5 3. c4 d4 4.
exd4 cxd4 5. d3 Nc6 6. g3 Nf6 7.
Bg2 e5 8. O-O Bd6 9. Re1 O-O 10.
a3 a5 11. Nbd2 Re8 12. Nh4 Bg4 13. Qb3 Qc7 14. h3 Be6 15. g4 Rab8 16. Ne4 Nxe4 17. Bxe4 b5 18. Qc2 g6 19. c5 Bf8 20. Bd2 a4 21. Bb4 Bb3 22. Qe2 Ne7 23. Qf3 Rbd8 24. c6 Nd5 25. Bxf8 Rxf8 26. Rac1 Nf4 27. Qg3 Kh8 28.
g5 Rd6 29. Ng2 f5 30. Nxf4 fxe4 31. Ng2 Rxc6 32. Rxc6 Qxc6 33. Qxe5+ Kg8 34. Rxe4 Bd5 35. Rg4 Bxg2 36. Rxg2 Qf3 37. Qxd4 Qxh3 38. Rg3 Qf5 39. Kg2 Qf4 40. Qxf4 Rxf4 41. Kf1 Kg7 42. Re3 Rf5 43.
Re7+ Kg8 44. d4 Rxg5 45. Ke2 h5 46. Kf3 h4 47. Re4 Rh5 48. Kg2 Kf7 49. Kh3 g5 50.
Re5 Kf6 51. f4 g4+ 52. Kxg4 Rh8 53. Kh3 Rd8 54. Rxb5 Rxd4 55. Rb4 Rd2 56. Kxh4 Kf5 57. Kg3 Rc2 58. Kf3 Rh2 59. Ke3 Rh3+ 60. Kd2 Rf3 61. Kc2 1-0

[Event "Early-Titled-Tuesday-Blitz-January-16-2024"]
[Site "Chess.com"]
[Date "2024.01.16"]
[Round "2"]
[White "cthulhuuu"]
[Black "brm72"]
[Result "0-1"]
[WhiteElo "2419"]
[BlackElo "2705"]
[TimeControl "180+1"]
[EndTime "8:19:51 PST"]
[Termination "brm72 won by checkmate"]

1. e4 c5 2. Nf3 Nc6 3. g3 g6 4. Bg2 Bg7 5. O-O e6 6. d3 Nge7 7. c3 O-O 8. d4 cxd4 9. cxd4 d5 10. e5 b6 11. Nc3 Ba6 12. Re1 Rc8 13. Qa4 Bb7 14. Nb5 Qd7 15. Nd6 Rb8 16. Nxb7 Qxb7 17.
Bf4 b5 18. Qa3 Rfc8 19. Rac1 Bf8 20. Qd3 Nb4 21. Qb1 Rxc1 22. Rxc1 Rc8 23. Rc3 a6 24.
Bf1 Nbc6 25. g4 Na5 26. Qc1 Rxc3 27. Qxc3 Nec6 28. b3 Bb4 29. Qe3 Qb6 30. Bg5 Bf8 31. Bf6 Nb8 32. Qf4 h6 33. Bd3 Nac6 34. h4 Nd7 35. h5 Nxf6 36. Qxf6 Bg7 37. Qf4 g5 38. Nxg5 hxg5 39. Qxg5 Qxd4 40. h6 Qxe5 41. Qxg7+ Qxg7 42.
hxg7 Kxg7 43. f4 Nb4 44. Bb1 f6 45. Kf2 e5 46. Ke3 Nc6 47. g5 Kf7 48. gxf6 Kxf6 49. fxe5+ Kxe5 50. a3 a5 51. Kd2 b4 52. axb4 axb4 53.
Kd3 Ne7 54. Ke3 Nc8 55. Kd3 Nb6 56. Ke3 Nd7 57. Kd3 Nc5+ 58. Kc2 Kd4 59. Kb2 Ke3 60.
Bh7 d4 61. Bg8 d3 62. Kc1 d2+ 63. Kd1 Ne4 64. Bc4 Nc3+ 65. Kc2 d1=Q+ 66. Kb2 Qb1# 0-1

[Event "Early-Titled-Tuesday-Blitz-January-16-2024"]
[Site "Chess.com"]
[Date "2024.01.16"]
[Round "2"]
[White "PavelChernomordik"]
[Black "JesseFebruary"]
[Result "0-1"]
[WhiteElo "2417"]
[BlackElo "1899"]
[TimeControl "180+1"]
[EndTime "8:19:53 PST"]
[Termination "JesseFebruary won by resignation"]

1. e4 e6 2. Nc3 d5 3. d4 Nf6 4.
Bg5 Be7 5. e5 Nfd7 6. Bxe7 Qxe7 7.
Nb5 Na6 8. c3 O-O 9. f4 c5 10.
a3 cxd4 11. cxd4 Nb6 12. Nf3 Bd7 13. Nd6 Bc6 14. Bxa6 bxa6 15. Qd3 Nc4 16. Ng5 g6 17. Nxc4 dxc4 18. Qh3 f5 19. exf6 Rxf6 20. O-O Re8 21.
Rae1 Bd5 22. Qe3 Qg7 23. Qg3 h6 24. Ne4 Bxe4 25. Rxe4 Qb7 26. Rfe1 Qxb2 27. f5 c3 28. fxe6 c2 29. Qe3 Kg7 30. d5 Ref8 31. Qxa7+ Kg8 32.
Qe3 Rf1+ 33. Rxf1 Rxf1+ 34. Kxf1 c1=Q+ 35. Qxc1 Qxc1+ 36. Re1 Qf4+ 37. Kg1 Kf8 38. g3 Qd4+ 39. Kf1 Qxd5 40. e7+ Ke8 41. Re3 Qd1+ 42. Kf2 Qd2+ 43.
Re2 Qd4+ 44. Re3 h5 45. Kf3 Qf6+ 46. Ke2 g5 47. Kd2 Qb2+ 48. Ke1 Qc1+ 49. Kf2 Qc5 50.
Ke2 g4 51. Kf2 Qf5+ 52. Ke2 Qc2+ 53. Ke1 Qxh2 54. Kf1 Qh1+ 55. Kf2 Qh2+ 56. Kf1 Qh1+ 57. Kf2 Qd5 58. Ke2 Qc4+ 59. Kf2 Qc2+ 60. Re2 Qf5+ 61. Ke1 Qf3 62. a4 Qxg3+ 63. Kd2 Qf4+ 64. Ke1 Qxa4 65.
Kf2 Qf4+ 66. Ke1 g3 0-1

[Event "Early-Titled-Tuesday-Blitz-January-16-2024"]
[Site "Chess.com"]
[Date "2024.01.16"]
[Round "2"]
[White "Goryachkina"]
[Black "Gryffindorac8"]
[Result "1-0"]
[WhiteElo "2664"]
[BlackElo "2350"]
[TimeControl "180+1"]
[EndTime "8:19:55 PST"]
[Termination "Goryachkina won by resignation"]

1. e4 c5 2. Nf3 d6 3. d4 cxd4 4. Nxd4 Nf6 5. Nc3 a6 6. Be3 e5 7. Nf3 Be7 8. Bc4 Be6 9. Bxe6 fxe6 10. Ng5 Qd7 11. Qf3 Nc6 12. Qh3 Nd8 13. O-O-O O-O 14.
f4 exf4 15. e5 h6 16. exf6 Bxf6 17. Bxf4 Bxg5 18. Bxg5 hxg5 19. Ne4 Nf7 20. Qh5 Qa4 21.
Nc3 Qh4 22. Qg6 Qf4+ 23. Kb1 Qf5 24. Qh5 g4 25. Qh4 d5 26. h3 Qg5 27. Qe1 Rae8 28. hxg4 Nh6 29. Ne2 Qxg4 30. Nd4 e5 31. Nb3 d4 32.
Qb4 Rf7 33. a3 Qe6 34. Rde1 Qd7 35. Nc5 Qd6 36. Rh5 b6 37. Ne4 Qxb4 38. axb4 Rf4 39.
Rg5 Re6 40. Kc1 Nf7 41. Rg3 Nd6 42. Nxd6 Rxd6 43. Rxe5 Rf1+ 44. Kd2 Rf2+ 45. Re2 Rxe2+ 46. Kxe2 Rc6 47. Kd3 b5 48. Rg4 Rc4 49. Rxd4 Rc6 50. Rd8+ Kh7 51. c3 Rf6 52. Ra8 g6 53. Kd4 Kh6 54.
b3 Rf2 55. c4 bxc4 56. bxc4 Rxg2 57. Rxa6 Rb2 58. b5 Kh5 59. Ra8 g5 60. Kc5 Kg4 61.
b6 Kf3 62. Kc6 g4 63. c5 g3 64. b7 g2 65. Rf8+ Ke2 66. Rg8 Kf1 67. Kc7 g1=Q 68. Rxg1+ Kxg1 69. b8=Q 1-0

[Event "Early-Titled-Tuesday-Blitz-January-16-2024"]
[Site "Chess.com"]
[Date "2024.01.16"]
[Round "2"]
[White "DeArron_Fox"]
[Black "sucof4reve"]
[Result "1/2-1/2"]
[WhiteElo "2430"]
[BlackElo "2018"]
[TimeControl "180+1"]
[EndTime "8:19:55 PST"]
[Termination "Game drawn by repetition"]

1. d4 Nf6 2. c4 c5 3. d5 e6 4. Nc3 exd5 5. cxd5 d6 6. Nf3 g6 7. Nd2 Bg7 8. e4 O-O 9. Be2 Re8 10. O-O Nbd7 11.
Re1 a6 12. a4 Rb8 13. a5 Qc7 14. h3 h6 15. f4 b5 16. axb6 Qxb6 17. Nc4 Qc7 18.
Bf3 Nb6 19. Na5 Nfd7 20. Nc6 Ra8 21. e5 Bb7 22. exd6 Qxd6 23. Ne4 Qc7 24. Ne7+ Kh7 25. d6 Qb8 26. Qb3 Rf8 27. Nxc5 Nxc5 28. Qxb6 Bxf3 29. Qxb8 Raxb8 30. gxf3 Bxb2 31. Bxb2 Rxb2 32. Nd5 Rd8 33. Nf6+ Kg7 34. Ne8+ Kf8 35. Nc7 Rxd6 36. Rad1 Rxd1 37.
Rxd1 a5 38. Rd8+ Ke7 39. Ra8 a4 40. Nd5+ Kd6 41. Nc3 Rc2 42. Nxa4 Ra2 43. Rd8+ Kc7 44. Rf8 Rxa4 45. Rxf7+ Kd6 46. Rf6+ Ne6 47. Rxg6 Ke7 48. f5 Nf8 49. Rxh6 Rf4 50. Rh5 Rxf3 51. Kg2 Ra3 52. h4 Kf6 53. Rg5 Nd7 54. Rg4 Ne5 55. Rg3 Ra2+ 56.
Kh3 Kxf5 57. h5 Nf7 58. Rf3+ Ke6 59. Re3+ Kf6 60. Rf3+ Kg7 61. Kh4 Ra4+ 62. Kg3 Ng5 63. Re3 Kh6 64. Re8 Kxh5 65. Rh8+ Kg6 66. Rg8+ Kf5 67.
Rb8 Kg6 68. Rb6+ Kh5 69. Rb5 Kg6 70. Rb6+ Kh5 71. Rb5 Kg6 72. Rb6+ 1/2-1/2

[Event "Early-Titled-Tuesday-Blitz-January-16-2024"]
[Site "Chess.com"]
[Date "2024.01.16"]
[Round "2"]
[White "Langua_Chess"]
[Black "dasatcu90"]
[Result "0-1"]
[WhiteElo "2467"]
[BlackElo "2268"]
[TimeControl "180+1"]
[EndTime "8:20:04 PST"]
[Termination "dasatcu90 won on time"]

1. e4 c6 2. Nf3 d5 3. Nc3 Bg4 4. h3 Bxf3 5. Qxf3 e6 6. d3 Nf6 7. g3 Bb4 8. Bd2 Qa5 9. Bg2 d4 10. Nb1 Bxd2+ 11. Nxd2 Nbd7 12. Qe2 e5 13. O-O Qc5 14. Nb3 Qd6 15. f4 c5 16. Nd2 O-O 17.
Nc4 Qc7 18. a4 b6 19. b3 a6 20. fxe5 Nxe5 21. Nxe5 Qxe5 22. Kh2 Nd7 23. Rf5 Qc7 24. e5 Rae8 25. Re1 g6 26. Rg5 h6 27. Rg4 Rxe5 28.
Re4 Rfe8 29. Qd2 Kg7 30. Rf1 Rxe4 31. Bxe4 f5 32. Bg2 Re3 33. Qf2 Nf6 34. Re1 Qe5 35.
Rxe3 dxe3 36. Qe2 h5 37. Bf3 h4 38. Qg2 hxg3+ 39. Qxg3 Qxg3+ 40. Kxg3 g5 41. Bb7 f4+ 42. Kf3 a5 43. Bc8 Kg6 44. Be6 Nh5 45. h4 gxh4 46. Bg4 Kg5 47. Bh3 Ng3 48. Bg2 e2 49. Kf2 Kg4 50. Bf3+ Kf5 51. Bg2 Ke5 52. c3 Kf5 53.
Bh3+ Ke5 54. Bg2 Kd6 55. Bh3 Kd5 56. Bg2+ Ke5 57. Bh3 Kf6 58. Bg2 Kf5 59. Bh3+ Kg5 60.
Bg2 Kg4 61. Bf3+ Kh3 62. Bxe2 Nxe2 63. Kxe2 Kg2 64. d4 f3+ 65. Ke3 f2 66. d5 f1=Q 67. d6 Qf7 0-1

[Event "Early-Titled-Tuesday-Blitz-January-16-2024"]
[Site "Chess.com"]
[Date "2024.01.16"]
[Round "2"]
[White "stasOR4ik"]
[Black "Ellaijio_B"]
[Result "0-1"]
[WhiteElo "2404"]
[BlackElo "2797"]
[TimeControl "180+1"]
[EndTime "8:20:13 PST"]
[Termination "Ellaijio_B won by resignation"]

1. e4 c5 2. c3 d5 3. exd5 Qxd5 4.
Nf3 Nf6 5. d4 Bg4 6. Be2 e6 7.
Be3 cxd4 8. cxd4 Nc6 9. Nc3 Bb4 10. O-O Bxc3 11. bxc3 O-O 12. h3 Bh5 13. c4 Qd6 14. Qd2 Rfd8 15. Rfd1 Rac8 16. Rac1 h6 17. Qb2 b6 18. g4 Bg6 19. Ne5 Be4 20. f3 Bh7 21. f4 Be4 22. g5 hxg5 23. fxg5 Nd7 24. Bf4 Ndxe5 25. dxe5 Qc5+ 26. Kf1 g6 27. Qc3 Rd4 28. Be3 Rxd1+ 29. Rxd1 Qxe5 30. Qxe5 Nxe5 31. Rd4 Bb7 32. Bf4 Nc6 33. Rd7 Ba6 34. Kf2 Na5 35. Rxa7 Bxc4 36.
Bg4 Nc6 37. Rc7 Rxc7 38. Bxc7 b5 39. a3 Kf8 40. Bd6+ Ke8 41. Bf3 Nd4 42. Bb7 Kd7 43. Bc5 Nf5 44. Kf3 Bd5+ 45. Bxd5 exd5 46. Kf4 Ke6 47.
Bb6 Nd6 48. Bc5 Nc4 49. h4 Ne5 50. Bd4 Nc6 51. Bc5 Na5 52. Kg4 Nb3 53. Bb4 Nc1 54.
Bd2 Nd3 55. h5 gxh5+ 56. Kxh5 Ne5 57. Kh6 d4 58. Kh5 d3 59. Bb4 Nc4 60. g6 fxg6+ 61. Kxg6 d2 62. Bxd2 Nxd2 63. Kg5 Kd5 64. Kf4 Nc4 65.
Kf3 Nxa3 66. Ke2 Kc4 67. Kd2 Kb3 68. Kc1 Ka2 69. Kd2 b4 70. Kc1 b3 71. Kd2 b2 72.
Kd3 b1=Q+ 73. Kc3 Qb5 74. Kd2 Qc4 75. Kd1 Qc2+ 76. Ke1 0-1

[Event "Early-Titled-Tuesday-Blitz-January-16-2024"]
[Site "Chess.com"]
[Date "2024.01.16"]
[Round "2"]
[White "Mikayel99"]
[Black "PLAYER_2006_M"]
[Result "0-1"]
[WhiteElo "2579"]
[BlackElo "2869"]
[TimeControl "180+1"]
[EndTime "8:20:14 PST"]
[Termination "PLAYER_2006_M won by resignation"]

1. e4 e5 2. Nf3 Nf6 3. Nxe5 d6 4.
Nf3 Nxe4 5. d3 Nf6 6. d4 g6 7.
Bd3 Bg7 8. O-O O-O 9. h3 c5 10. c3 Nc6 11. dxc5 dxc5 12. Be3 b6 13. Qc2 h6 14. Rd1 Qc7 15. Na3 Bb7 16. Nb5 Qb8 17. Be2 Ne5 18. Nxe5 Qxe5 19. Nd6 Bd5 20. Nc4 Qe6 21.
Nd2 Rad8 22. Bf3 Rfe8 23. Re1 Kh7 24. Rad1 Bxf3 25. Nxf3 Rxd1 26. Rxd1 Qxa2 27. Bf4 Nd5 28. Bg3 Nxc3 29. Rd7 Ne2+ 30. Kh2 Nxg3 31. fxg3 a5 32. Rb7 Qe6 33. Qa4 Re7 34. Rb8 Qd6 35. Rc8 Qd7 36.
Qxd7 Rxd7 37. Rb8 Rd6 38. b3 Bc3 39. g4 Kg7 40. Kg3 Rc6 41. Kf2 Re6 42. h4 Kf6 43. Rb7 g5 44. h5 Bd4+ 45. Kg3 Bc3 46. Kf2 Rd6 47. Ke3 Ke6 48. Ke4 Rc6 49. Kd3 Bb4 50.
Kc4 Rd6 51. Kb5 f5 52. Rxb6 Rxb6+ 53. Kxb6 fxg4 54. Nh2 Kf5 55. Nf1 Kf4 56. Kb5 g3 57. Kc4 Kg4 58. Kd3 Be1 59. Ke2 Bf2 60. Nd2 Kxh5 61. Nc4 Bd4 62. Nxa5 Kg4 63. Nc6 h5 64. b4 h4 65. b5 h3 66. gxh3+ Kxh3 67. Nxd4 cxd4 68. b6 g2 69. b7 g1=Q 70. b8=Q Qh2+ 0-1

[Event "Early-Titled-Tuesday-Blitz-January-16-2024"]
[Site "Chess.com"]
[Date "2024.01.16"]
[Round "2"]
[White "YouJustFoundYourGodfather"]
[Black "klimkoj"]
[Result "1/2-1/2"]
[WhiteElo "2591"]
[BlackElo "2867"]
[TimeControl "180+1"]
[EndTime "8:20:19 PST"]
[Termination "Game drawn by repetition"]

1. Nf3 Nf6 2. g3 d5 3. Bg2 e6 4.
O-O c5 5. d4 Nc6 6. c4 dxc4 7.
Qa4 Bd7 8. Qxc4 cxd4 9. Nxd4 Rc8 10. Nc3 Be7 11. Rd1 Na5 12. Qd3 O-O 13. Ndb5 Bxb5 14. Qxb5 Qb6 15. Qxb6 axb6 16. Nb5 Rc5 17. Nd4 Nd5 18. Nb3 Nxb3 19. axb3 Bf6 20. Bxd5 exd5 21. Kf1 Rb5 22. Rd3 Rc8 23. Be3 Bxb2 24. Ra7 g6 25. Rxb7 Rc6 26. Kg2 Kg7 27. Bd4+ Bxd4 28. Rxd4 Re6 29. e3 Rf6 30. Rd3 Rd6 31. h4 h5 32.
Rb8 Rb4 33. Rb7 Rc6 34. Rxd5 Rxb3 35. Rd2 b5 36. Rb8 Rf6 37. Rb7 b4 38. Rb5 Rb1 39. Rb8 b3 40. Rb7 Rf5 41. Rb6 Kf8 42. Rb7 Ke8 43.
Rb8+ Ke7 44. Rb7+ Kf6 45. Rb6+ Kg7 46. Rb7 Rc5 47. Rdd7 Rf5 48. Rd2 Rf6 49. Rb8 Kh6 50. Rh8+ Kg7 51. Rb8 Kh7 52. Rb7 Rf5 53. Rb8 g5 54.
hxg5 Rxg5 55. Rb4 Kg7 56. Kh2 Rf5 57. Kg2 Kg6 58. Rb6+ Rf6 59. Rb4 Rc6 60. Rd3 b2 61. Rd2 Rf6 62. Rbxb2 Rc1 63. Rbc2 Rb1 64. Rc4 Rb5 65. Rh4 Rbf5 66. Rf4 Rxf4 67. gxf4 Rc6 68. Kf3 Kf5 69. Rd5+ Kg6 70. Rg5+ Kh6 71. Rf5 Kg6 72.
Rg5+ Kh6 73. Kg3 Rc1 74. Kg2 f6 75. Rd5 Kg6 76. Rd8 Rc2 77. Rg8+ Kf5 78. Kf3 Rc3 79. Rh8 Kg6 80. Ke4 Rc4+ 81. Kf3 Rc3 82. Re8 Kf5 83. Rh8 Kg6 1/2-1/2

[Event "Early-Titled-Tuesday-Blitz-January-16-2024"]
[Site "Chess.com"]
[Date "2024.01.16"]
[Round "2"]
[White "vidavi"]
[Black "ritanovikova"]
[Result "1/2-1/2"]
[WhiteElo "2471"]
[BlackElo "2176"]
[TimeControl "180+1"]
[EndTime "8:20:20 PST"]
[Termination "Game drawn by repetition"]

1. e4 d5 2. exd5 Qxd5 3. Nc3 Qd6 4. Nf3 Nf6 5. d4 c6 6. Ne5 Nbd7 7. Bf4 Nxe5 8.
dxe5 Qxd1+ 9. Rxd1 Ng4 10. h3 Nh6 11. Bxh6 gxh6 12. Be2 Bf5 13. Rd2 Bg7 14. f4 Rd8 15. g4 Rxd2 16. Kxd2 Be6 17. Ke3 f5 18. gxf5 Bxf5 19.
Bd3 Be6 20. Ne4 Bd5 21. Rg1 Bf8 22. f5 Bxe4 23. Kxe4 h5 24. h4 Bh6 25. Be2 Kd7 26. Bxh5 Kc7 27. f6 exf6 28. e6 Kd6 29. Kf5 Ke7 30.
Rd1 Rd8 31. Rxd8 Kxd8 32. Kxf6 Bf8 33. Kg5 Be7+ 34. Kg4 Kc7 35. Bf7 Kd6 36. h5 h6 37.
Kf5 Bg5 38. Kg6 Ke7 39. Kf5 Bc1 40. b3 Bg5 41. Bg6 Bd2 42. c4 b6 43. Bh7 Be3 44.
Bg8 Bd2 45. Kg6 Be3 46. Bf7 Bd2 47. Kf5 Be3 48. Ke4 Bc1 49. Kd3 Bg5 50. b4 Kd6 51.
Kc3 c5 52. Kb3 cxb4 53. Kxb4 Be7 54. Kb5 Kc7 55. Ka6 Kb8 56. Be8 Bd6 57. Bc6 Be7 58.
Bd5 Bd6 59. a4 Be7 60. a5 bxa5 61. Kxa5 Kc7 62. Ka6 Kb8 63. Kb5 Kc7 64. c5 a6+ 65.
Kc4 a5 66. c6 a4 67. Kd4 a3 68. Ke4 Kd6 69. Ba2 Kxc6 70. Kf5 Kd6 71. Kg6 Bg5 72. Kf7 Be7 73. Kg7 Bg5 74. Kf7 Be7 75. Kg6 Bg5 76. Kg7 Ke7 77. Kg6 Be3 78. Kg7 Bc1 79. Kg6 Bd2 80. Kg7 Bc1 81. Kg6 Bd2 82. Kg7 Bc1 1/2-1/2

[Event "Early-Titled-Tuesday-Blitz-January-16-2024"]
[Site "Chess.com"]
[Date "2024.01.16"]
[Round "2"]
[White "Matols"]
[Black "Kildepiotr"]
[Result "0-1"]
[WhiteElo "2382"]
[BlackElo "2673"]
[TimeControl "180+1"]
[EndTime "8:20:21 PST"]
[Termination "Kildepiotr won by resignation"]

1. d4 c5 2. d5 e5 3. c4 d6 4. e4 Be7 5. Nf3 Bg4 6. Nc3 a6 7. a4 Nd7 8. Bd3 Bxf3 9. Qxf3 Bg5 10. O-O Bxc1 11. Raxc1 Ne7 12. Qg3 O-O 13. Nd1 Nf6 14.
Ne3 Nh5 15. Qg4 Nf4 16. Rfd1 Qb6 17. Nf5 Nxf5 18. exf5 f6 19. Bf1 Qxb2 20. g3 Qa3 21.
gxf4 Qxa4 22. Rd3 Qd7 23. Rg3 exf4 24. Qxf4 Rfe8 25. Kh1 Re5 26. Bd3 Rae8 27. Rcg1 Re1 28. Qh6 Rxg1+ 29. Rxg1 Kh8 30. Qh5 Re5 31. Rg3 b5 32. Rh3 h6 33. Qg6 bxc4 34. Bxc4 Qxf5 35. Qxf5 Rxf5 36. Kg2 a5 37. Ra3 Rf4 38. Bb5 Rd4 39.
Bc6 f5 40. Rxa5 Kh7 41. Ra7 Kg6 42. Be8+ Kf6 43. Bc6 c4 44. Rc7 Rd3 45. Bb7 c3 46. Kf1 Rd1+ 47. Ke2 Rd2+ 48. Ke3 Rb2 49. Ba8 c2 50. Kd2 c1=Q+ 51. Kxc1 Rxf2 52. Rd7 Ke5 53. Rxg7 Rxh2 54. Re7+ Kd4 55. Re6 Kc5 56. Rf6 Rf2 57. Kd1 f4 58. Rxh6 f3 59. Rf6 Ra2 60. Bc6 f2 61.
Kc1 Ra1+ 62. Kd2 f1=Q 63. Rxf1 Rxf1 64. Ke2 Rf4 65. Ke3 Rd4 66. Ke2 Kc4 67. Ke3 Kc3 68. Ke2 Re4+ 69. Kf3 Kd4 70. Kf2 Re3 71. Bb7 Rb3 72.
Bc6 Ke4 73. Ba8 Rb2+ 74. Kg3 Rd2 75. Kg4 Rg2+ 76. Kh3 Rg5 77. Kh4 Rxd5 78. Kg3 Kd4 79. Bxd5 Kxd5 80. Kf3 Kd4 81. Ke2 Kc3 82. Kd1 d5 83.
Kc1 d4 84. Kd1 Kd3 85. Ke1 Kc2 0-1